 Dungeon Crawl Stone Soup version 0.30-a0-743-gbfdf073431 (webtiles) character file.

Game seed: 12901890589509955024

2618 cforsyth the Summoner (level 9, -1/45 HPs)
             Began as a Tengu Summoner on Feb 6, 2023.
             Was an Initiate of Gozag.
             Succumbed to a kobold brigand's curare-tipped dart
             ... on level 8 of the Dungeon.
             The game lasted 00:14:58 (8785 turns).

cforsyth the Summoner (Tengu Summoner)              Turns: 8785, Time: 00:14:59

Health: -1/45      AC:  4    Str: 13    XL:     9   Next: 60%
Magic:  16/22      EV: 14    Int: 22    God:    Gozag
Gold:   659        SH:  5    Dex: 15    Spells: 16/25 levels left

rFire   . . .      SeeInvis .    z - +7 great sword "Aded Yra" {speed, rElec Will+ Str+5 Int+2}
rCold   + . .      Faith    .    (shield currently unavailable)
rNeg    . . .      Spirit   .    a - +0 robe
rPois   .          Reflect  +    (helmet restricted)
rElec   +          Harm     .    l - +1 cloak {Will+}
rCorr   .          Rampage  .    (no gloves)
Will    ++...                    (boots unavailable)
Stlth   ++                       w - amulet of reflection
HPRegen 0.27/turn                E - ring of protection from cold
MPRegen 0.18/turn                (no ring)

@: lethally poisoned (-1 -> -13), flying quickly and evasively, slowed, very
slow
A: beak, talons 3, nimble flight
a: Renounce Religion, Potion Petition, Call Merchant, Bribe Branch


You were on level 8 of the Dungeon.
You worshipped Gozag.
Gozag was pleased with you.
You visited 1 branch of the dungeon, and saw 9 of its levels.

You collected 707 gold pieces.
You paid 48 gold pieces to Gozag.

Inventory:

Hand Weapons
 z - the +7 great sword "Aded Yra" (weapon) {speed, rElec Will+ Str+5 Int+2}
   (You found it on level 6 of the Dungeon)

   Str:       It affects your strength (+5).
   Int:       It affects your intelligence (+2).
   rElec:     It insulates you from electricity.
   Will:      It increases your willpower.
Armour
 a - a +0 robe (worn)
 l - a +1 cloak of willpower (worn)
Jewellery
 q - an amulet of the acrobat
 w - an amulet of reflection (around neck)
 E - a ring of protection from cold (left hand)
 F - the amulet "Oguyl" {Harm rElec Regen+ Str-4}
   (You found it on level 6 of the Dungeon)

   [amulet of regeneration]

   Str:       It affects your strength (-4).
   rElec:     It insulates you from electricity.
   Regen:     It increases your rate of health regeneration.
   Harm:      It increases damage dealt and taken.
Wands
 t - a wand of flame (7)
 B - a wand of light (2)
Scrolls
 d - a scroll of vulnerability {unknown}
 e - 2 scrolls of teleportation {unknown}
 g - 2 scrolls of immolation {unknown}
 h - 3 scrolls of magic mapping {unknown}
 m - 7 scrolls of identify {unknown}
 o - 2 scrolls of blinking {unknown}
 p - 2 scrolls of poison {unknown}
 s - 4 scrolls of fear {unknown}
 u - a scroll of silence {unknown}
 y - 2 scrolls of enchant weapon {unknown}
 A - a scroll of butterflies {unknown}
 C - a scroll of amnesia {unknown}
Potions
 b - a potion of magic
 c - 7 potions of degeneration {unknown}
 f - 2 potions of brilliance {unknown}
 i - a potion of haste {unknown}
 j - 5 potions of might {unknown}
 k - a potion of lignification {unknown}
 n - 3 potions of cancellation {unknown}
 r - 6 potions of curing {unknown}
 v - a potion of mutation {unknown}
 x - a potion of heal wounds {unknown}
 D - a potion of flight {unknown}


   Skills:
 - Level 2.1 Dodging
 - Level 2.0 Stealth
 + Level 8.5 Spellcasting
 + Level 11.8 Summonings


You had 16 spell levels left.
You knew the following spells:

 Your Spells              Type           Power      Damage    Failure   Level
a - Summon Small Mammal   Summ           100%       N/A       1%          1
b - Call Imp              Summ           57%        N/A       1%          2
c - Call Canine Familiar  Summ           57%        N/A       1%          3
d - Summon Guardian Gole  Hex/Summ       35%        N/A       1%          3

Your spell library contained the following spells:

 Spells                   Type           Power      Damage    Failure   Level
 Summon Lightning Spire   Summ/Air       35%        N/A       6%          4
 Necrotise                Necr           36%        1d5       7%          1
 Ensorcelled Hibernation  Hex/Ice        18%        N/A       11%         2
 Lesser Beckoning         Tloc           18%        N/A       11%         2
 Sublimation of Blood     Necr           9%         N/A       11%         2
 Gell's Gravitas          Tloc           9%         N/A       22%         3
 Portal Projectile        Hex/Tloc       18%        N/A       22%         3
 Spider Form              Tmut/Pois      9%         N/A       22%         3
 Teleport Other           Tloc           9%         N/A       22%         3
 Tukima's Dance           Hex            9%         N/A       22%         3
 Vampiric Draining        Necr           9%         2d6       22%         3
 Anguish                  Hex/Necr       4%         N/A       56%         4
 Petrify                  Tmut/Erth      9%         N/A       56%         4
 Agony                    Necr           9%         N/A       89%         5
 Blade Hands              Tmut           4%         N/A       89%         5
 Irradiate                Conj/Tmut      4%         3d13      89%         5


Dungeon Overview and Level Annotations

Branches:
Dungeon (9/15)             Temple (0/1) D:6
   Lair: D:8-11         Orc: D:9-12

Altars:
Fedhas
Gozag
Ru
Xom
The Shining One


Innate Abilities, Weirdness & Mutations

You have a beak for a mouth.
You have claws for feet.
Your magical nature lets you fly swiftly and evasively.


Message History

A beastly little devil appears in a puff of flame.
You feel sick.
The kobold brigand throws a curare-tipped dart.
The curare-tipped dart hits you.
You are more poisoned.
You have difficulty breathing.
You feel as though you will be slow longer.
Casting: Call Imp (safe; 1% risk of failure)
Confirm with . or Enter, or press ? or * to list all spells.
You feel very sick.
The kobold brigand throws a curare-tipped dart.
The curare-tipped dart hits your rat.
Your rat is poisoned.
Your rat convulses.
Your rat dies!
Your rat's corpse disappears in a puff of smoke!
Casting: Summon Small Mammal (safe; 1% risk of failure)
Confirm with . or Enter, or press ? or * to list all spells.
You feel very sick.
Your wolf bites the kobold brigand.
The kobold brigand throws a curare-tipped dart.
The curare-tipped dart closely misses your wolf.
The curare-tipped dart hits you.
You are lethally poisoned!
You have difficulty breathing.
You feel as though you will be slow longer.
* * * LOW HITPOINT WARNING * * *
You feel extremely sick.
Your wolf closely misses the kobold brigand. x2
The kobold brigand hits your wolf with a +3 whip!
A kobold comes into view. It is wielding a +0 dagger.
Your wolf barely misses the kobold brigand.
* * * LOW HITPOINT WARNING * * *
You feel very sick.
Your wolf bites the kobold brigand.
The kobold brigand misses your wolf.
The kobold barely misses your crimson imp.
Your crimson imp closely misses the kobold.
Your wolf bites the kobold brigand!
The kobold barely misses your crimson imp.
You die...
Your body crumbles into a pile of gold.

$ ##### #.... $ ....
#.. ... #.# $ hK #.#
#. #######.###
#5#######.....#....
#r@...........#....
#.............#.... $
#..................
.................###.#
..#######.#......##...
..
..............###...
##### #
##....###########...
#|PP## #......#
##PP)#... #PP≈≈##
#..≈≈..# ##§≈PP#...


You could see a kobold, a friendly wolf (summoned), a friendly crimson imp
(summoned) and a friendly rat (summoned).

Vanquished Creatures
  A phantom (D:6)
  A necrophage (D:4)
  A howler monkey (D:8)
  An orc priest (D:8)
  A gnoll (D:6)
  A dart slug (D:2)
  2 orcs (D:5)
  A bat (D:2)
  A goblin (D:1)
  A jackal (D:2)
  A ball python (D:1)
  2 frilled lizards (D:3)
14 creatures vanquished.

Vanquished Creatures (collateral kills)
  Joseph (D:7)
  A steam dragon (D:7)
  A water moccasin (D:6)
  An ice beast (D:6)
  A black bear (D:5)
  A sky beast (D:6)
  An ogre (D:7)
  A centaur (D:6)
  Blork the orc (D:6)
  A kobold brigand (D:6)
  2 bullfrogs
  2 necrophages (D:6)
  3 scorpions
  2 wights (D:7)
  A jelly (D:4)
  A hound (D:7)
  A gnoll bouda (D:6)
  Ijyb (D:3)
  Jessica (D:2)
  5 iguanas
  An orc wizard (D:5)
  6 gnolls
  4 adders
  2 white imps
  A worm (D:5)
  7 dart slugs
  13 orcs
  4 ball pythons
  3 bats
  2 endoplasms
  3 giant cockroaches
  11 goblins
  5 hobgoblins
  5 jackals
  3 quokkas
  10 frilled lizards
  6 kobolds
  2 rats (D:2)
117 creatures vanquished.

Vanquished Creatures (others)
  3 wights (D:7)
  Crazy Yiuf (D:2)
4 creatures vanquished.

Grand Total: 135 creatures vanquished

Notes
Turn   | Place    | Note
-------+----------+-------------------------------------------
     0 | D:1      | cforsyth the Tengu Summoner began the quest for the Orb.
     0 | D:1      | Reached XP level 1. HP: 10/10 MP: 4/4
    73 | D:1      | Reached skill level 5 in Summonings
    92 | D:1      | Reached XP level 2. HP: 15/15 MP: 4/6
   466 | D:1      | Learned a level 2 spell: Call Imp
   624 | D:1      | Reached XP level 3. HP: 19/19 MP: 4/7
  1060 | D:1      | Found a faded altar of an unknown god.
  1605 | D:2      | Reached XP level 4. HP: 24/24 MP: 5/9
  1613 | D:2      | Reached skill level 6 in Summonings
  1727 | D:2      | Noticed Jessica
  1748 | D:2      | Killed Jessica
  1749 | D:2      | Gained mutation: Your magical nature lets you fly swiftly
                  | and evasively. [Tengu growth]
  1749 | D:2      | Reached XP level 5. HP: 28/28 MP: 4/11
  1756 | D:2      | Learned a level 3 spell: Call Canine Familiar
  1760 | D:2      | Learned a level 3 spell: Summon Guardian Golem
  2192 | D:2      | Found a runed translucent door.
  2193 | D:2      | Noticed Crazy Yiuf
  2378 | D:2      | Killed Crazy Yiuf
  2739 | D:3      | Found a sacrificial altar of Ru.
  2781 | D:3      | Found a blossoming altar of Fedhas.
  3256 | D:3      | Noticed Ijyb
  3279 | D:3      | Killed Ijyb
  4026 | D:4      | Reached XP level 6. HP: 32/32 MP: 8/13
  4107 | D:4      | Reached skill level 7 in Summonings
  4777 | D:5      | Entered Level 5 of the Dungeon
  5007 | D:5      | Reached skill level 5 in Spellcasting
  5007 | D:5      | Reached XP level 7. HP: 27/36 MP: 11/15
  5217 | D:5      | Found an opulent altar of Gozag.
  5258 | D:5      | Became a worshipper of Gozag Ym Sagoz the Greedy
  5351 | D:5      | Reached skill level 8 in Summonings
  5822 | D:6      | Noticed Blork the orc
  5982 | D:6      | Killed Blork the orc
  6039 | D:6      | Reached XP level 8. HP: 26/41 MP: 16/18
  6047 | D:6      | Reached skill level 9 in Summonings
  6390 | D:6      | Identified the +7 great sword "Aded Yra" {speed, rElec
                  | Will+ Str+5 Int+2}
  6580 | D:6      | You are sucked into a shaft and drop 3 floors!
  6580 | D:9      | Found a shimmering altar of Xom.
  6585 | D:9      | Noticed a yak
  6586 | D:9      | Noticed a yak
  6587 | D:9      | Noticed a yak
  6905 | D:7      | Reached skill level 10 in Summonings
  6981 | D:7      | Reached XP level 9. HP: 27/45 MP: 14/21
  7294 | D:7      | Noticed Joseph
  7308 | D:7      | Killed Joseph
  7309 | D:7      | Reached skill level 11 in Summonings
  7740 | D:6      | Found a staircase to the Ecumenical Temple.
  7951 | D:6      | Identified the amulet "Oguyl" {Harm rElec Regen+ Str-4}
  8624 | D:8      | Found a glowing golden altar of the Shining One.
  8784 | D:8      | HP: 2/45 [poisoned by a kobold brigand (curare-tipped
                  | dart)]
  8785 | D:8      | Succumbed to a kobold brigand's curare-tipped dart

Illustrated notes

Levels and vault maps discovered:
D:1:      amcnicky_arrival_double_pillar, layout_basic,
          shapermc_ecumenical_altar_mp_ritualfount
D:2:      layout_loops_ring, uniq_jessica, uniq_crazy_yiuf_cottage
D:3:      layout_basic, mainiacjoe_overflow_large_starburst, uniq_ijyb
D:4:      layout_basic
D:5:      layout_basic, mainiacjoe_overflow_catwalk, kennysheep_generic_room_12
D:6:      layout_loops_ring, minmay_temple_entry_ruins, kennysheep_nondescript,
          minmay_small_thing, uniq_blork_the_orc
D:7:      layout_basic, uniq_joseph
D:8:      minmay_weird_star, layout_basic, mainiacjoe_overflow_surrounded_room,
          nemelex_xobeh_ov_fountains_minmay
D:9:      layout_cave_pools, kennysheep_little_box, hex_large,
          nrook_pool_corridor, uniq_harold

Skill      XL: |  1  2  3  4  5  6  7  8  9 |
---------------+----------------------------+-----
Summonings     | 5 6 7 8 10 11 | 11.8
Spellcasting   | 3 4 5 6 7 8 |  8.5
Dodging        | |  2.1
Stealth        | |  2.0

Action                     |  1- 3 |  4- 6 |  7- 9 || total
---------------------------+-------+-------+-------++-------
  Melee: Unarmed           |    14 |    25 |    20 ||    59
         Kick              |     2 |    10 |    11 ||    23
         Peck              |     3 |     5 |    11 ||    19
         Punch             |     1 |       |     1 ||     2
         Great sword       |       |       |    16 ||    16
   Cast: Summon Small Mamm |    46 |    31 |    17 ||    94
         Call Imp          |    13 |    13 |    10 ||    36
         Call Canine Famil |       |    19 |    29 ||    48
         Summon Guardian G |       |     2 |     8 ||    10
   Stab: Sleeping          |       |       |     1 ||     1
 Armour: Robe              |     6 |    10 |     9 ||    25
  Dodge: Dodged            |    30 |    38 |    27 ||    95
  Block: Other             |       |     1 |    13 ||    14
         Reflection        |       |       |     2 ||     2

Table legend: (Time is in decaauts)
 A = Elapsed time spent in this place.
 B = Non-inter-level travel time spent in this place.
 C = Inter-level travel time spent in this place.
 D = Time resting spent in this place.
 E = Time spent auto-exploring this place.
 F = Levels seen in this place.
 G = Mean time per level.
                   A        B        C        D        E       F      G
               +--------+--------+--------+--------+--------+-----+--------+
         Total |   8352 |   8144 |    208 |    664 |   5942 |   9 |  928.0 |
       Dungeon |   8352 |   8144 |    208 |    664 |   5942 |   9 |  928.0 |
               +--------+--------+--------+--------+--------+-----+--------+

Top non-repeatable levels by time:
     D:2: 1386 daAuts
     D:1: 1236 daAuts
     D:6: 1179 daAuts
     D:5: 1033 daAuts
     D:3: 1001 daAuts
     D:7: 971 daAuts
     D:4: 959 daAuts
     D:8: 579 daAuts
     D:9: 7 daAuts
